 Dungeon Crawl Stone Soup version 0.21.1-1-g345015f (webtiles) character file.

149 Hebeh the Shield-Bearer (level 5, -5/47 HPs)
             Began as a Minotaur Fighter on June 23, 2018.
             Killed from afar by Natasha (7 damage)
             ... with a magic dart
             ... on level 2 of the Dungeon.
             The game lasted 00:05:01 (1648 turns).

Hebeh the Shield-Bearer (Minotaur Fighter)          Turns: 1648, Time: 00:05:02

Health: -5/47      AC:  7    Str: 21    XL:     5   Next: 9%
Magic:  4/4        EV:  7    Int:  5    God:
Gold:   133        SH:  9    Dex: 10    Spells: 4/4 levels left

rFire    . . .     SeeInvis .   a - +0 war axe
rCold    . . .     Gourm    .   c - +0 shield
rNeg     . . .     Faith    .   b - +0 scale mail
rPois    .         Spirit   .   (helmet restricted)
rElec    .         Reflect  .   (no cloak)
rCorr    .         Harm     .   (no gloves)
MR       .....                  (no boots)
Stlth    ..........             (no amulet)
HPRegen  0.15/turn              (no ring)
MPRegen  0.09/turn              (no ring)

@: slowed, very slow
A: retaliatory headbutt, horns 2
a: no special abilities


You were on level 2 of the Dungeon.
You were not hungry.

You visited 1 branch of the dungeon, and saw 2 of its levels.

You collected 133 gold pieces.

Inventory:

Hand Weapons
 a - a +0 war axe (weapon)
 e - a +3 spear
Armour
 b - a +0 scale mail (worn)
 c - a +0 shield (worn)
Scrolls
 g - 2 scrolls of teleportation {unknown}
 i - a scroll of identify
Potions
 d - a potion of might
 j - a potion of curing
 k - a potion of berserk rage {unknown}
 m - a potion of degeneration {unknown}
 n - a potion of agility {unknown}
 o - a potion of flight {unknown}
 p - a potion of lignification {unknown}
Comestibles
 f - 5 rations


   Skills:
 + Level 4.4 Fighting
 * Level 4.5 Axes
 + Level 4.4 Armour
 + Level 4.5 Shields


You had 4 spell levels left.
You didn't know any spells.

Dungeon Overview and Level Annotations

Branches:
Dungeon (2/15)

Altars:

Annotations:
D:2 1 runed door, Natasha


Innate Abilities, Weirdness & Mutations

You reflexively headbutt those who attack you in melee.
You have a pair of horns on your head.


Message History

A magic dart appears from out of thin air!
The magic dart hits you!
You miss something. You headbutt something.
Something claws you but does no damage. Something claws you.
* * * LOW HITPOINT WARNING * * *
You barely miss something.
Something claws you but does no damage. x2
You miss something. Your headbutt misses something.
Something claws you but does no damage. x2
You hit something.
You hear some strange, mumbled words.
A magic dart appears from out of thin air!
The magic dart hits you!
* * * LOW HITPOINT WARNING * * *
Something claws you.
* * * LOW HITPOINT WARNING * * *
You barely miss something.
You hear some strange, mumbled words.
A magic dart appears from out of thin air!
The magic dart hits you!
You die...

..#####...##.≈#≈≈≈≈#≈##....#...##
### ######.≈≈#≈≈≈≈≈≈#....#.....
..##########.#≈≈≈≈≈≈≈≈≈....#...##
.............##≈≈#≈#≈##....#...##
..............#≈≈≈≈≈≈#.....##..÷.
..............#≈#≈≈≈##.....##....
############....####.......##....
...# #.†.............##....
##.##### ####.@..........##....
.......# #####{#.........##.#..
.......# #.....(.......####.#.#
.......#####.##.##(..#.....##.#.#
.......##.....#.##(.##.##.###.#.#
.###########.##......).##.###.#'#
.#### #....########.###..##....
....# #.##....##....###..##....
....# #.##....##.#....#...#....


There were no monsters in sight!

Vanquished Creatures
  Natasha (twice) (D:2)
  A gnoll (D:1)
  2 adders (D:2)
  4 worms (D:2)
  A dart slug (D:2)
  3 leopard geckos
  A ball python (D:2)
  3 giant cockroaches
  8 goblins
  3 hobgoblins
  9 jackals
  A quokka (D:2)
  6 bats
  3 frilled lizards
  7 kobolds
  5 rats (D:1)
59 creatures vanquished.

Vanquished Creatures (others)
  A plant (D:1)
1 creature vanquished.

Grand Total: 60 creatures vanquished

Notes
Turn   | Place    | Note
-------+----------+-------------------------------------------
     0 | D:1      | Hebeh the Minotaur Fighter began the quest for the Orb.
     0 | D:1      | Reached XP level 1. HP: 19/19 MP: 0/0
    10 | D:1      | Reached XP level 2. HP: 22/27 MP: 1/1
   332 | D:1      | Reached XP level 3. HP: 32/33 MP: 2/2
  1060 | D:2      | Reached XP level 4. HP: 29/40 MP: 3/3
  1195 | D:2      | Found a runed door.
  1531 | D:2      | Noticed Natasha
  1534 | D:2      | Killed Natasha
  1577 | D:2      | Noticed Natasha
  1587 | D:2      | Killed Natasha
  1587 | D:2      | Reached XP level 5. HP: 23/47 MP: 4/4
  1632 | D:2      | Noticed Natasha
  1647 | D:2      | HP: 2/47 [something (1)]
  1648 | D:2      | Killed from afar by Natasha

Skill      XL: |  1  2  3  4 |
---------------+-------------+-----
Axes           | 3 4 |  4.5
Shields        | 4 |  4.5
Armour         | 4 |  4.4
Fighting       | 4 |  4.4

Action                   |  1- 3 |  4- 6 || total
-------------------------+-------+-------++-------
Melee: War axe           |   103 |    48 ||   151
       Headbutt          |    14 |     8 ||    22
  Use: Scroll            |     3 |       ||     3
  Eat: Chunk             |     1 |     2 ||     3
Armor: Scale mail        |    63 |    24 ||    87
Dodge: Dodged            |    35 |    12 ||    47
Block: Shield            |    51 |    29 ||    80
